NCAA
NORTH CAROLINA TARHEELS @ BAYLOR BEARS
02/13/2060
 
TOP OF THE 1ST
North Carolina Tarheels batting - Pitching for Baylor Bears : RHP Wesley Harwell
Pitching: RHP Wesley Harwell
Batting: LHB Dave France 0-0: Called Strike
0-1: Swinging Strike
0-2: Foul Ball, location: 2F
0-2: Ball
1-2: Ball
2-2: Strikes out swinging
Batting: RHB Jerome Lyons 0-0: Ball
1-0: Ball
2-0: Ball
3-0: Base on Balls
Batting: LHB Jeromy Cardenas 0-0: Ball
1-0: Foul Ball, location: 2F
1-1: Swinging Strike
1-2: Foul Ball, location: 2F
1-2: Strikes out swinging
Batting: RHB Erik Peterson 0-0: Foul Ball, location: 2F
0-1: Ball
1-1: Ball
2-1: Ball
3-1: Fielders Choice at 2nd, 5-4 (Groundball, 56, EV 90.6 MPH)
Top of the 1st over - 0 runs, 0 hits, 0 errors, 1 left on base; North Carolina 0 - Baylor 0
BOTTOM OF THE 1ST
Baylor Bears batting - Pitching for North Carolina Tarheels : LHP Max Kidd
Pitching: LHP Max Kidd
Batting: RHB Jeremy Todd 0-0: Foul Ball, location: 2F
0-1: Foul Ball, location: 2F
0-2: Ground out 5-3 (Groundball, 5, EV 97.5 MPH)
Batting: RHB Johnathan de Jesus 0-0: Foul Ball, location: 2F
0-1: Ball
1-1: Called Strike
1-2: Strikes out swinging
Batting: LHB Dave Arnett 0-0: Called Strike
0-1: Swinging Strike
0-2: Foul Ball, location: 2F
0-2: Strikes out swinging
Bottom of the 1st over - 0 runs, 0 hits, 0 errors, 0 left on base; North Carolina 0 - Baylor 0
TOP OF THE 2ND
North Carolina Tarheels batting - Pitching for Baylor Bears : RHP Wesley Harwell
Batting: RHB Koby Thomas 0-0: Foul Ball, location: 2F
0-1: Fly out, F9 (Flyball, 9D, EV 78.8 MPH)
Batting: RHB Lance Fearing 0-0: Ball
1-0: Called Strike
1-1: Ball
2-1: Swinging Strike
2-2: Ball
3-2: Base on Balls
Batting: RHB Timothy Williams 0-0: Swinging Strike
0-1: Ball
1-1: Swinging Strike
1-2: Ball
2-2: Ball
3-2: Strikes out swinging
Batting: RHB Jon Nay 0-0: Called Strike
0-1: Ball
1-1: Swinging Strike
1-2: Ball
2-2: Foul Ball, location: 2F
2-2: Strikes out swinging
Top of the 2nd over - 0 runs, 0 hits, 0 errors, 1 left on base; North Carolina 0 - Baylor 0
BOTTOM OF THE 2ND
Baylor Bears batting - Pitching for North Carolina Tarheels : LHP Max Kidd
Batting: RHB Chase Terbush 0-0: Called Strike
0-1: Ground out 6-3 (Groundball, 6M, EV 85.6 MPH)
Batting: LHB Ray Figgins 0-0: Swinging Strike
0-1: SINGLE (Line Drive, 6D, EV 98.1 MPH)
Batting: RHB Fred Levitz 0-0: Ball
Wild Pitch!
Ray Figgins to second
1-0: Foul Ball, location: 2F
1-1: Ball
2-1: Called Strike
2-2: Foul Ball, location: 2F
2-2: Ball
3-2: Foul Ball, location: 2F
3-2: Base on Balls
Batting: SHB Rhys Graham 0-0: Called Strike
0-1: Ball
1-1: SINGLE (Line Drive, 56, EV 97.5 MPH)
Ray Figgins to third
Fred Levitz to second
Batting: RHB Tate Fitzgerald 0-0: Foul Ball, location: 2F
0-1: Ball
1-1: Foul Ball, location: 2F
1-2: Strikes out looking
Batting: RHB Malachi Surdam 0-0: Foul Ball, location: 2F
0-1: Ball
1-1: GRAND SLAM HOME RUN (Flyball, 9LD, EV 97.5 MPH), Distance : 354 ft
Batting: RHB Jeremy Todd 0-0: Called Strike
0-1: Ball
1-1: Called Strike
1-2: Ball
2-2: Foul Ball, location: 2F
2-2: Hit by Pitch
Batting: RHB Johnathan de Jesus 0-0: Ball
1-0: Ball
2-0: Ball
3-0: Called Strike
3-1: Foul Ball, location: 2F
3-2: Foul Ball, location: 2F
3-2: Ground out 1-3 (Groundball, 34S, EV 68.1 MPH)
Bottom of the 2nd over - 4 runs, 3 hits, 0 errors, 1 left on base; North Carolina 0 - Baylor 4
TOP OF THE 3RD
North Carolina Tarheels batting - Pitching for Baylor Bears : RHP Wesley Harwell
Batting: RHB E.T. Daniels 0-0: Ball
1-0: Called Strike
1-1: Ground out 4-3 (Groundball, 4, EV 86.9 MPH)
Batting: LHB Dave France 0-0: Ball
1-0: Ball
2-0: Called Strike
2-1: Called Strike
2-2: Fly out, F9 (Flyball, 9, EV 80.0 MPH)
Batting: RHB Jerome Lyons 0-0: Ball
1-0: Called Strike
1-1: Ball
2-1: Foul Ball, location: 2F
2-2: Ball
3-2: Strikes out swinging
Top of the 3rd over - 0 runs, 0 hits, 0 errors, 0 left on base; North Carolina 0 - Baylor 4
BOTTOM OF THE 3RD
Baylor Bears batting - Pitching for North Carolina Tarheels : LHP Max Kidd
Batting: LHB Dave Arnett 0-0: Ball
1-0: SINGLE (Line Drive, 34D, EV 108.1 MPH)
Batting: RHB Chase Terbush 0-0: Fly out, F8 (Flyball, 8LD, EV 83.8 MPH)
Batting: LHB Ray Figgins 0-0: Ball
1-0: Called Strike
1-1: DOUBLE (Flyball, 9LD, EV 110.0 MPH)
Dave Arnett to third
Runner from 3rd tries for Home, SAFE, throw by RF to trailing runner, SAFE at third!
Batting: RHB Fred Levitz 0-0: Foul Ball, location: 2F
0-1: Ball
1-1: Swinging Strike
1-2: Strikes out swinging
Batting: SHB Rhys Graham 0-0: Ball
1-0: Called Strike
1-1: Foul Ball, location: 2F
1-2: Strikes out swinging
Bottom of the 3rd over - 1 run, 2 hits, 0 errors, 1 left on base; North Carolina 0 - Baylor 5
TOP OF THE 4TH
North Carolina Tarheels batting - Pitching for Baylor Bears : RHP Wesley Harwell
Batting: LHB Jeromy Cardenas 0-0: Ball
1-0: Ball
2-0: Called Strike
2-1: Foul Ball, location: 2F
2-2: Ball
3-2: Base on Balls
Batting: RHB Erik Peterson 0-0: Ball
1-0: Called Strike
1-1: Ground out 4-3 (Groundball, 34D, EV 101.2 MPH)
Jeromy Cardenas to second
Batting: RHB Koby Thomas 0-0: Ball
1-0: SINGLE (Flyball, 8LS, EV 99.4 MPH)
Jeromy Cardenas to third
Runner from 3rd tries for Home, SAFE, throw by CF to home
Koby Thomas to second
Batting: RHB Lance Fearing 0-0: Called Strike
0-1: Ball
1-1: Ball
2-1: Swinging Strike
2-2: Foul Ball, location: 2F
2-2: Ball
3-2: Strikes out looking
Batting: RHB Timothy Williams 0-0: Called Strike
0-1: Ball
1-1: Foul Ball, location: 2F
1-2: Foul Ball, location: 2F
1-2: Ball
2-2: Strikes out swinging
Top of the 4th over - 1 run, 1 hit, 0 errors, 1 left on base; North Carolina 1 - Baylor 5
BOTTOM OF THE 4TH
Baylor Bears batting - Pitching for North Carolina Tarheels : LHP Max Kidd
Batting: RHB Tate Fitzgerald 0-0: Fly out, F8 (Flyball, 8RS, EV 89.4 MPH)
Batting: RHB Malachi Surdam 0-0: Ball
1-0: Called Strike
1-1: Called Strike
1-2: Ball
2-2: Foul Ball, location: 2F
2-2: Strikes out swinging
Batting: RHB Jeremy Todd 0-0: Called Strike
0-1: Ball
1-1: Ball
2-1: Ball
3-1: Base on Balls
Batting: RHB Johnathan de Jesus 0-0: Ball
1-0: Ball
2-0: SINGLE (Groundball, 4MD, EV 101.2 MPH)
Jeremy Todd to second
Runner from 2nd tries for 3rd, SAFE, no throw by CF
Batting: LHB Dave Arnett 0-0: Ball
1-0: Foul Ball, location: 2F
1-1: Ball
2-1: SINGLE (Flyball, 8RS, EV 90.0 MPH)
Jeremy Todd scores
Johnathan de Jesus to second
Pitching: RHP Joshua Bradley
Batting: RHB Chase Terbush 0-0: Ball
1-0: Ball
2-0: SINGLE (Groundball, 4M, EV 110.0 MPH) (infield hit)
Johnathan de Jesus to third
Dave Arnett to second
Batting: LHB Ray Figgins 0-0: Swinging Strike
0-1: Fly out, F2 (Popup, 23F, EV 83.8 MPH)
Bottom of the 4th over - 1 run, 3 hits, 0 errors, 3 left on base; North Carolina 1 - Baylor 6
TOP OF THE 5TH
North Carolina Tarheels batting - Pitching for Baylor Bears : RHP Wesley Harwell
Batting: RHB Jon Nay 0-0: Called Strike
0-1: Ball
1-1: Foul Ball, location: 2F
1-2: Foul Ball, location: 2F
1-2: Ball
2-2: Ground out 5-3 (Groundball, 56S, EV 87.5 MPH)
Batting: RHB E.T. Daniels 0-0: Foul Ball, location: 2F
0-1: Ball
1-1: Foul Ball, location: 2F
1-2: Ball
2-2: Strikes out swinging
Batting: LHB Dave France 0-0: Called Strike
0-1: Foul Ball, location: 2F
0-2: Ball
1-2: SINGLE (Line Drive, 89M, EV 93.1 MPH)
Pitching: RHP Parker Thrall
Batting: RHB Jerome Lyons 0-0: Ball
1-0: Called Strike
1-1: Swinging Strike
1-2: Foul Ball, location: 2F
1-2: Strikes out swinging
Top of the 5th over - 0 runs, 1 hit, 0 errors, 1 left on base; North Carolina 1 - Baylor 6
BOTTOM OF THE 5TH
Baylor Bears batting - Pitching for North Carolina Tarheels : RHP Joshua Bradley
Batting: RHB Fred Levitz 0-0: Ball
1-0: Ball
2-0: SINGLE (Groundball, 56D, EV 105.0 MPH)
Batting: SHB Rhys Graham 0-0: Ball
1-0: Foul Ball, location: 2F
1-1: Grounds out, U3 (Groundball, 3L, EV 101.2 MPH)
Batting: RHB Tate Fitzgerald 0-0: Ball
1-0: Called Strike
1-1: Foul Ball, location: 2F
1-2: Fly out, F8 (Flyball, 8RM, EV 92.5 MPH)
Lined into DP, 8-6 (Flyball, 8RM, EV 92.5 MPH)
Bottom of the 5th over - 0 runs, 1 hit, 0 errors, 0 left on base; North Carolina 1 - Baylor 6
TOP OF THE 6TH
North Carolina Tarheels batting - Pitching for Baylor Bears : RHP Parker Thrall
Batting: LHB Jeromy Cardenas 0-0: Ball
1-0: Ball
2-0: Ball
3-0: Base on Balls
Batting: RHB Erik Peterson 0-0: Called Strike
0-1: Called Strike
0-2: Ball
1-2: Strikes out swinging
Batting: RHB Koby Thomas 0-0: Ball
1-0: Foul Ball, location: 2F
1-1: Ball
2-1: Ball
3-1: Base on Balls
Jeromy Cardenas to second
Batting: RHB Lance Fearing 0-0: Ball
1-0: Foul Ball, location: 2F
1-1: Fly out, F4 (Popup, 34, EV 79.4 MPH)
Batting: RHB Timothy Williams 0-0: Called Strike
0-1: Ball
1-1: Ground out U3 (Groundball, 3L, EV 85.0 MPH)
Top of the 6th over - 0 runs, 0 hits, 0 errors, 2 left on base; North Carolina 1 - Baylor 6
BOTTOM OF THE 6TH
Baylor Bears batting - Pitching for North Carolina Tarheels : RHP Joshua Bradley
Batting: RHB Malachi Surdam 0-0: Ball
1-0: Ball
2-0: Foul Ball, location: 2F
2-1: Ball
3-1: Base on Balls
Batting: RHB Jeremy Todd 0-0: Ball
1-0: Called Strike
Malachi Surdam steals 2nd base
1-1: Ball
2-1: Ball
3-1: Fly out, F8 (Line Drive, 8RD, EV 92.5 MPH)
Batting: RHB Johnathan de Jesus 0-0: Ball
1-0: Foul Ball, location: 2F
1-1: Ball
2-1: Ball
3-1: Base on Balls
Batting: LHB Dave Arnett 0-0: Called Strike
0-1: Ball
1-1: Ball
2-1: Foul Ball, location: 2F
2-2: Ball
3-2: Foul Ball, location: 2F
3-2: Fly out, F7 (Flyball, 7LS, EV 95.6 MPH)
Batting: RHB Chase Terbush 0-0: Called Strike
0-1: Called Strike
0-2: Ball
1-2: Ball
2-2: Ball
3-2: Base on Balls
Malachi Surdam to third
Johnathan de Jesus to second
Batting: LHB Ray Figgins 0-0: Foul Ball, location: 2F
0-1: Called Strike
0-2: Fly out, F9 (Line Drive, 9, EV 91.9 MPH)
Bottom of the 6th over - 0 runs, 0 hits, 0 errors, 3 left on base; North Carolina 1 - Baylor 6
TOP OF THE 7TH
North Carolina Tarheels batting - Pitching for Baylor Bears : RHP Parker Thrall
Batting: RHB Jon Nay 0-0: Called Strike
0-1: Foul Ball, location: 2F
0-2: Foul Ball, location: 2F
0-2: Fly out, F8 (Line Drive, 89M, EV 97.5 MPH)
Batting: RHB E.T. Daniels 0-0: SINGLE (Line Drive, 89S, EV 105.0 MPH)
Batting: LHB Dave France 0-0: Called Strike
0-1: Fly out, F9 (Flyball, 89M, EV 92.5 MPH)
Batting: RHB Jerome Lyons 0-0: Foul Ball, location: 2F
0-1: Fly out, F4 (Popup, 4S, EV 71.9 MPH)
Top of the 7th over - 0 runs, 1 hit, 0 errors, 1 left on base; North Carolina 1 - Baylor 6
BOTTOM OF THE 7TH
Baylor Bears batting - Pitching for North Carolina Tarheels : RHP Joshua Bradley
Batting: RHB Fred Levitz 0-0: Ground out 4-3 (Groundball, 4M, EV 105.0 MPH)
Batting: SHB Rhys Graham 0-0: Called Strike
0-1: Ball
1-1: Ball
2-1: Foul Ball, location: 2F
2-2: Foul Ball, location: 2F
2-2: Ball
3-2: SINGLE (Line Drive, 56D, EV 95.0 MPH)
Batting: RHB Tate Fitzgerald 0-0: Ball
1-0: Foul Ball, location: 2F
1-1: Fly out, F7 (Flyball, 7, EV 89.4 MPH)
Pitching: RHP Bryce Barnett
Batting: RHB Malachi Surdam 0-0: DOUBLE (Line Drive, 7LM, EV 93.1 MPH)
Rhys Graham to third
Runner from 3rd tries for Home, SAFE, throw by LF to home
Batting: RHB Jeremy Todd 0-0: Called Strike
0-1: Foul Ball, location: 2F
0-2: Strikes out swinging
Bottom of the 7th over - 1 run, 2 hits, 0 errors, 1 left on base; North Carolina 1 - Baylor 7
TOP OF THE 8TH
North Carolina Tarheels batting - Pitching for Baylor Bears : RHP Parker Thrall
Batting: LHB Jeromy Cardenas 0-0: Ball
1-0: Foul Ball, location: 2F
1-1: Ball
2-1: Ball
3-1: Fly out, F2 (Popup, 2LF, EV 96.2 MPH)
Batting: RHB Erik Peterson 0-0: Called Strike
0-1: Called Strike
0-2: Foul Ball, location: 2F
0-2: Ball
1-2: Ball
2-2: Strikes out looking
Batting: RHB Koby Thomas 0-0: Called Strike
0-1: Swinging Strike
0-2: Foul Ball, location: 2F
0-2: SINGLE (Groundball, 6MD, EV 98.8 MPH)
Batting: RHB Lance Fearing 0-0: Ball
1-0: Ball
2-0: SINGLE (Groundball, 56S, EV 69.4 MPH) (infield hit)
Koby Thomas to second
Batting: RHB Timothy Williams 0-0: Foul Ball, location: 2F
0-1: Ball
1-1: Ball
2-1: Ball
3-1: SINGLE (Line Drive, 6MD, EV 107.5 MPH)
Koby Thomas to third
Lance Fearing to second
Pinch Hitting: RHB Ricky Vance 0-0: Ball
1-0: Called Strike
1-1: Foul Ball, location: 2F
1-2: GRAND SLAM HOME RUN (Flyball, 7D, EV 107.5 MPH), Distance : 403 ft
Pitching: RHP Brady Caspersen
Pinch Hitting: RHB Kenny Tirpak 0-0: Called Strike
0-1: Called Strike
0-2: Ball
1-2: Ball
2-2: Foul Ball, location: 2F
2-2: Strikes out swinging, 2-3 out at first.
Top of the 8th over - 4 runs, 4 hits, 0 errors, 0 left on base; North Carolina 5 - Baylor 7
BOTTOM OF THE 8TH
Baylor Bears batting - Pitching for North Carolina Tarheels : RHP Bryce Barnett
Now at 1B: Ricky Vance
Now at 2B: Chase Adams
Batting: RHB Johnathan de Jesus 0-0: Called Strike
0-1: Ground out 4-3 (Groundball, 4, EV 111.2 MPH)
Batting: LHB Dave Arnett 0-0: Foul Ball, location: 2F
0-1: Ball
1-1: Swinging Strike
1-2: Foul Ball, location: 2F
1-2: SOLO HOME RUN (Flyball, 9D, EV 102.5 MPH), Distance : 373 ft
Batting: RHB Chase Terbush 0-0: Ball
1-0: Called Strike
1-1: Fly out, F8 (Flyball, 89D, EV 88.8 MPH)
Batting: LHB Ray Figgins 0-0: Called Strike
0-1: Ball
1-1: Foul Ball, location: 2F
1-2: Foul Ball, location: 2F
1-2: Ball
2-2: Foul Ball, location: 2F
2-2: Ball
3-2: Ground out 4-3 (Groundball, 4, EV 105.6 MPH)
Bottom of the 8th over - 1 run, 1 hit, 0 errors, 0 left on base; North Carolina 5 - Baylor 8
TOP OF THE 9TH
North Carolina Tarheels batting - Pitching for Baylor Bears : RHP Brady Caspersen
Pitching: RHP Moshe Perasso
Batting: LHB Dave France 0-0: Swinging Strike
0-1: Foul Ball, location: 2F
0-2: Ball
1-2: Foul Ball, location: 2F
1-2: Foul Ball, location: 2F
1-2: Ball
2-2: Foul Ball, location: 2F
2-2: Ball
3-2: Strikes out swinging
Pinch Hitting: RHB Dominic Bedolla 0-0: Called Strike
0-1: Ball
1-1: Swinging Strike
1-2: Strikes out swinging
Batting: LHB Jeromy Cardenas 0-0: Ball
1-0: SINGLE (Groundball, 4MD, EV 97.5 MPH)
Batting: RHB Erik Peterson 0-0: Ball
1-0: Fly out, F9 (Flyball, 9, EV 71.9 MPH)
Top of the 9th over - 0 runs, 1 hit, 0 errors, 1 left on base; North Carolina 5 - Baylor 8
Sunday, April 14th , 2024 - OOTP Baseball 23.10 Build 110